 Dungeon Crawl Stone Soup version 0.30-a0-711-gf4ac18a38d (webtiles) character file.

Game seed: 8853107684973509136

1016 pokeman the Thaumaturge (level 8, -7/44 HPs)
             Began as a Deep Elf Hedge Wizard on Jan 23, 2023.
             Killed by divine providence
             ... invoked by an orc priest
              (15 damage)
             ... on level 5 of the Dungeon.
             The game lasted 00:10:09 (5185 turns).

pokeman the Thaumaturge (Deep Elf Hedge Wizard)     Turns: 5185, Time: 00:10:10

Health: -7/44      AC:  7    Str:  7    XL:     8   Next: 1%
Magic:  11/22      EV: 13    Int: 22    God:
Gold:   155        SH:  0    Dex: 14    Spells: 15/23 levels left

rFire   . . .      SeeInvis .    w - +0 short sword (drain)
rCold   . . .      Faith    .    (no shield)
rNeg    . . .      Spirit   .    b - +0 robe
rPois   .          Reflect  .    c - +0 hat
rElec   .          Harm     .    y - +0 cloak
rCorr   +          Rampage  .    (no gloves)
Will    .....                    (no boots)
Stlth   ++                       (no amulet)
HPRegen 0.27/turn                r - +4 ring of protection
MPRegen 0.18/turn                o - ring of resist corrosion

@: no status effects
A: no striking features
a: no special abilities


You were on level 5 of the Dungeon.
You visited 1 branch of the dungeon, and saw 5 of its levels.

You collected 155 gold pieces.

Inventory:

Hand Weapons
 f - a +0 arbalest
 w - a +0 short sword of draining (weapon)
 x - a +2 quarterstaff of chaos
 I - a +2 shortbow of flaming
Missiles
 i - 2 throwing nets
Armour
 b - a +0 robe (worn)
 c - a +0 hat (worn)
 y - a +0 cloak (worn)
Magical Staves
 G - a staff of death
Jewellery
 j - a ring of protection from fire
 l - an amulet of faith
 m - a ring of positive energy
 o - a ring of resist corrosion (right hand)
 r - a +4 ring of protection (left hand)
Wands
 e - a wand of polymorph (6)
 D - a wand of digging (3)
Scrolls
 a - a scroll of teleportation {unknown}
 g - 4 scrolls of identify {unknown}
 p - a scroll of fear {unknown}
 u - a scroll of enchant weapon {unknown}
 v - 2 scrolls of noise {unknown}
 A - a scroll of fog {unknown}
 B - a scroll of silence {unknown}
 C - a scroll of poison {unknown}
 F - a scroll of vulnerability {unknown}
Potions
 d - a potion of magic
 h - 2 potions of lignification
 k - 3 potions of heal wounds
 n - a potion of degeneration {unknown}
 q - a potion of berserk rage {unknown}
 s - 2 potions of flight {unknown}
 t - a potion of cancellation {unknown}
 z - a potion of ambrosia {unknown}
 E - a potion of attraction {unknown}
 H - a potion of mutation {unknown}


   Skills:
 - Level 2.0 Fighting
 + Level 1.0 Armour
 - Level 3.1 Dodging
 - Level 3.2 Stealth
 * Level 8.0 Spellcasting
 + Level 5.8 Conjurations
 + Level 2.5 Summonings
 + Level 2.0 Necromancy
 - Level 1.1 Translocations
 - Level 1.0 Air Magic
 - Level 1.1 Poison Magic
 - Level 1.0 Evocations


You had 15 spell levels left.
You knew the following spells:

 Your Spells              Type           Power      Damage    Failure   Level
a - Magic Dart            Conj           100%       1d8       1%          1
b - Mephitic Cloud        Conj/Pois/Air  20%        N/A       8%          3
c - Call Imp              Summ           20%        N/A       3%          2
d - Blink                 Tloc           26%        N/A       7%          2

Your spell library contained the following spells:

 Spells                   Type           Power      Damage    Failure   Level
 Cigotuvi's Dreadful Rot  Necr/Pois/Air  30%        N/A       6%          2
 Slow                     Hex            32%        N/A       8%          1
 Gell's Gravitas          Tloc           13%        N/A       14%         3
 Teleport Other           Tloc           13%        N/A       14%         3
 Dispersal                Tloc           6%         N/A       100%        6


Dungeon Overview and Level Annotations

Branches:
Dungeon (5/15)             Temple (0/1) D:5

Altars:
Hepliaklqana
Nemelex Xobeh
Wu Jian


Message History

The orc hits your shadow imp with a +0 dagger.
An orc comes into view. It is wielding a +0 dagger.
The orc warrior hits you with a +0 halberd.
The orc hits you with a +0 falchion.
The ice beast hits your shadow imp but does no damage.
Your shadow imp closely misses the orc warrior.
Unknown command.
You hit the orc warrior.
The orc warrior is severely wounded.
The orc misses your shadow imp. The orc warrior closely misses you.
The ice beast closely misses your shadow imp.
The orc barely misses you.
The orc hits your shadow imp with a +0 dagger.
Your shadow imp hits the orc warrior but does no damage.
Unknown command.
Casting: Magic Dart (safe; 1% risk of failure)
Confirm with . or Enter, or press ? or * to list all spells.
You blink.
An orc comes into view. It is wielding a +0 whip.
Found a staircase to the Ecumenical Temple.
The orc warrior barely misses your shadow imp.
The orc priest invokes the aid of Beogh against you.
Beogh smites you!
Your shadow imp closely misses the orc warrior.
Unknown command.
The orc warrior hits your shadow imp with a +0 halberd!
Your shadow imp dies!
Your shadow imp disappears in a puff of smoke!
An orc comes into view. It is wielding a +0 whip.
The orc priest calls down the wrath of Beogh upon you.
Beogh smites you! The orc attacks as you move away!
The orc hits you but does no damage.
You feel stable enough to blink again.
The orc priest mumbles some strange prayers to Beogh against you.
Beogh smites you!
* * * LOW HITPOINT WARNING * * *
The orc attacks as you move away! The orc barely misses you.
The orc priest invokes the aid of Beogh against you.
Beogh smites you!
You die...

##.........#
##......#...##
##...o........#
##.............# #
#ยง).)..........#.#
#....oo..oo...##.##
#.........Y...#...#.
###.........o#......
####.....o@..##..
#######..## ##..##
##...# #...##
##..#.## #..#...##
#..#.....##
#.Y##......#


You could see an orc warrior (very drained), an ice beast, an orc priest and 5
orcs.

Vanquished Creatures
  Sigmund (D:3)
  Eustachio (D:5)
  A water moccasin (D:3)
  2 ogres
  A centaur (D:5)
  A necrophage (D:5)
  A jelly (D:4)
  Crazy Yiuf (D:3)
  Ijyb (D:3)
  3 orc wizards
  3 adders
  3 worms
  2 dart slugs (D:4)
  7 orcs
  6 ball pythons
  9 endoplasms
  3 giant cockroaches
  7 goblins
  7 hobgoblins
  A jackal (D:3)
  8 kobolds
  5 quokkas
  4 bats
  5 frilled lizards
  6 rats
89 creatures vanquished.

Vanquished Creatures (collateral kills)
  An iguana (D:5)
1 creature vanquished.

Vanquished Creatures (others)
  12 fungi
  2 plants (D:3)
14 creatures vanquished.

Grand Total: 104 creatures vanquished

Notes
Turn   | Place    | Note
-------+----------+-------------------------------------------
     0 | D:1      | pokeman the Deep Elf Hedge Wizard began the quest for the
                  | Orb.
     0 | D:1      | Reached XP level 1. HP: 10/10 MP: 7/7
   705 | D:1      | Reached XP level 2. HP: 6/16 MP: 0/9
  1236 | D:1      | You fall into a shaft and drop 1 floor!
  1291 | D:2      | Reached skill level 5 in Spellcasting
  1695 | D:2      | Reached XP level 3. HP: 20/20 MP: 3/11
  1699 | D:2      | Learned a level 3 spell: Mephitic Cloud
  1702 | D:2      | Learned a level 2 spell: Call Imp
  1705 | D:2      | Learned a level 2 spell: Blink
  1985 | D:2      | Reached skill level 1 in Fighting
  2314 | D:3      | Reached skill level 1 in Armour
  2636 | D:3      | Reached XP level 4. HP: 17/25 MP: 8/13
  2819 | D:3      | Found a runed translucent door.
  2820 | D:3      | Noticed Crazy Yiuf
  2856 | D:3      | Noticed a water moccasin
  2856 | D:3      | Noticed Ijyb
  3047 | D:3      | Killed a water moccasin
  3048 | D:3      | Reached skill level 6 in Spellcasting
  3048 | D:3      | Reached XP level 5. HP: 17/29 MP: 2/15
  3090 | D:3      | Noticed Sigmund
  3207 | D:3      | Killed Sigmund
  3208 | D:3      | Reached XP level 6. HP: 34/34 MP: 10/17
  3216 | D:3      | Killed Ijyb
  3217 | D:3      | Reached skill level 5 in Conjurations
  3316 | D:3      | Found a faded altar of an unknown god.
  3944 | D:3      | Killed Crazy Yiuf
  4257 | D:4      | Reached skill level 1 in Air Magic
  4257 | D:4      | Reached skill level 1 in Poison Magic
  4257 | D:4      | Reached skill level 1 in Evocations
  4257 | D:4      | Reached XP level 7. HP: 38/38 MP: 11/19
  4509 | D:4      | Reached skill level 7 in Spellcasting
  4911 | D:4      | Found an ornate altar of the Wu Jian Council.
  4911 | D:4      | Found a sparkling altar of Nemelex Xobeh.
  4913 | D:4      | Found a hazy altar of Hepliaklqana.
  4978 | D:5      | Entered Level 5 of the Dungeon
  4978 | D:5      | Noticed Eustachio
  5059 | D:5      | Killed Eustachio
  5060 | D:5      | Reached skill level 1 in Necromancy
  5175 | D:5      | Reached skill level 8 in Spellcasting
  5175 | D:5      | Reached XP level 8. HP: 44/44 MP: 11/22
  5179 | D:5      | Found a staircase to the Ecumenical Temple.
  5185 | D:5      | Killed from afar by an orc priest

Illustrated notes

Levels and vault maps discovered:
D:1:      kilobyte_arrival_exit_the_forest, layout_loops_corners,
          minmay_tetromino_s2
D:2:      layout_basic, corexii_leaking_fountain, dk_vineyard_2
D:3:      minmay_spotlight, layout_loops_corners,
          shapermc_ecumenical_altar_mp_urbaneastern, uniq_crazy_yiuf_cottage,
          uniq_ijyb, uniq_sigmund
D:4:      layout_rooms, nicolae_overflow_hidden_temple,
          eino_small_chamber_without_monster, grunt_decor_fettered
D:5:      kennysheep_six_static_rooms, layout_cave_pods,
          mainiacjoe_overflow_cross_hatched, marbit_many_paths,
          minmay_temple_entry_slanted, uniq_edmund, uniq_eustachio,
          uniq_menkaure

Skill      XL: |  1  2  3  4  5  6  7 |
---------------+----------------------+-----
Spellcasting   | 5 6 8 |  8.0
Fighting       | 1 2 |  2.0
Conjurations   | 2 4 5 |  5.8
Armour         | 1 |  1.0
Dodging        | 3 |  3.1
Stealth        | 3 |  3.2
Air Magic      | 1 |  1.0
Poison Magic   | 1 |  1.1
Evocations     | 1 |  1.0
Summonings     | 2 |  2.5
Necromancy     | 2 |  2.0
Translocations | |  1.1

Action                     |  1- 3 |  4- 6 |  7- 9 || total
---------------------------+-------+-------+-------++-------
  Melee: Dagger            |     1 |    25 |       ||    26
         Punch             |       |     1 |     1 ||     2
         Short sword       |       |     5 |    40 ||    45
  Throw: Throwing net      |       |     2 |       ||     2
   Cast: Magic Dart        |   108 |    65 |    41 ||   214
         Call Imp          |       |     7 |     4 ||    11
         Mephitic Cloud    |       |     8 |     9 ||    17
         Blink             |       |     1 |     1 ||     2
    Use: Potion            |       |     3 |       ||     3
   Stab: Sleeping          |     1 |       |       ||     1
         Confused          |       |     3 |    10 ||    13
 Armour: Robe              |     2 |     8 |    12 ||    22
  Dodge: Dodged            |     6 |    21 |    38 ||    65

Table legend: (Time is in decaauts)
 A = Elapsed time spent in this place.
 B = Non-inter-level travel time spent in this place.
 C = Inter-level travel time spent in this place.
 D = Time resting spent in this place.
 E = Time spent auto-exploring this place.
 F = Levels seen in this place.
 G = Mean time per level.
                   A        B        C        D        E       F      G
               +--------+--------+--------+--------+--------+-----+--------+
         Total |   5186 |   4987 |    199 |    384 |   3884 |   5 | 1037.2 |
       Dungeon |   5186 |   4987 |    199 |    384 |   3884 |   5 | 1037.2 |
               +--------+--------+--------+--------+--------+-----+--------+

Top non-repeatable levels by time:
     D:3: 1813 daAuts
     D:1: 1236 daAuts
     D:2: 1152 daAuts
     D:4: 828 daAuts
     D:5: 155 daAuts
